 Dungeon Crawl Stone Soup version 0.31.0-4-g52a2dc7128 (webtiles) character file.

Game seed: 7881619451409608510

101112 Anothat the Brawler (level 15, -4/156 HPs)
             Began as a Troll Fighter on Jan 22, 2024.
             Was the Champion of Wu Jian.
             Slain by a jumping spider (14 damage)
             ... led by a broodmother
             ... on level 2 of the Spider Nest.
             The game lasted 00:53:36 (23058 turns).

Anothat the Brawler (Troll Fighter)                Turns: 23058, Time: 00:53:38

Health: -4/156     AC:  9    Str: 32    XL:     15   Next: 82%
Magic:  14/14      EV:  7    Int:  7    God:    Wu Jian [******]
Gold:   2174       SH:  0    Dex: 17    Spells: 14/14 levels left

rFire   . .          .
                       - Unarmed
rCold   . . .        K - +2 kite shield "Joytton" {Int+3}
rNeg    . . .        H - +5 robe of Night {Dark Will+ SInv}
rPois   .            (helmet restricted)
rElec   .            (no cloak)
rCorr   .            (gloves unavailable)
SInv    +            (boots unavailable)
Will    ++...        W - amulet of reflection
Stlth   ++           f - +4 ring of slaying
HPRegen 1.26/turn    v - +6 ring of dexterity
MPRegen 0.14/turn

%: reflection
@: held
A: large, unfitting armour, claws 3, regeneration 1, shaggy fur 1, tough skin 1
a: Renounce Religion, Wall Jump, Serpent's Lash, Heavenly Storm


You were on level 2 of the Spider Nest.
You worshipped Wu Jian.
Wu Jian was exalted by your worship.
You visited 5 branches of the dungeon, and saw 25 of its levels.
You also visited: Ossuary.

You collected 2174 gold pieces.

Inventory:

Missiles
 c - 2 throwing nets
 t - 4 javelins (quivered)
Armour
 a - a +0 robe
 b - a +1 kite shield
 g - a +0 pair of boots
 p - +0 steam dragon scales
 G - a +0 robe of willpower
 H - the +5 robe of Night (worn) {Dark Will+ SInv}
   (You acquired it on level 7 of the Dungeon)

   Dark:      It shrouds the wearer in darkness, reducing the range at which
   they can see and be seen by others.
   Will+:     It increases your willpower.
   SInv:      It lets you see invisible.
 K - the +2 kite shield "Joytton" (worn) {Int+3}
   (You found it on level 9 of the Dungeon)

   Int+3:     It affects your intelligence (+3).
 M - a +0 troll leather armour
Jewellery
 f - a +4 ring of slaying (left claw)
 n - a +6 ring of strength
 u - an amulet of regeneration
 v - a +6 ring of dexterity (right claw)
 C - a ring of protection from fire
 D - an amulet of magic regeneration
 O - the macabre finger necklace {Finger+ rN+}
   (You found it on level 2 of the Lair of Beasts)

   [amulet of nothing]

   Finger+:   It enables you to equip an extra ring.
   rN+:       It protects you from negative energy.
 S - an amulet of reflection
 W - an amulet of reflection (around neck)
Wands
 m - a wand of charming (16)
 x - a wand of iceblast (12)
 E - a wand of polymorph (2)
 I - a wand of digging (16)
 Q - a wand of flame (13)
Scrolls
 d - 7 scrolls of identify
 e - 2 scrolls of brand weapon
 h - 3 scrolls of fog
 j - 10 scrolls of revelation
 k - 2 scrolls of teleportation
 q - a scroll of enchant weapon
 r - 2 scrolls of amnesia
 s - 7 scrolls of vulnerability
 y - 2 scrolls of immolation
 J - 4 scrolls of enchant armour
 Y - a scroll of poison
Potions
 i - 5 potions of mutation
 l - 4 potions of curing
 o - 3 potions of lignification
 w - 3 potions of haste
 z - 6 potions of brilliance
 B - 3 potions of berserk rage
 F - 2 potions of magic
 L - a potion of heal wounds
 P - a potion of enlightenment
 R - 2 potions of degeneration
 T - a potion of attraction
 U - a potion of cancellation
 V - a potion of resistance
Miscellaneous
 N - a condenser vane


   Skills:
 + Level 11.8 Fighting
 - Level 9.9 Dodging
 + Level 12.8 Shields
 * Level 18.8 Unarmed Combat


You had 14 spell levels left.
You didn't know any spells.
Your spell library contained the following spells:

 Spells                   Type           Power      Damage    Failure   Level
 Apportation              Tloc           0%         N/A       54%         1
 Necrotise                Necr           0%         1d4       54%         1
 Sting                    Conj/Alch      0%         1d3       54%         1
 Summon Small Mammal      Summ           0%         N/A       54%         1
 Call Imp                 Summ           0%         N/A       69%         2
 Cigotuvi's Dreadful Rot  Necr/Alch/Air  0%         N/A       69%         2
 Mercury Vapours          Alch/Air       0%         N/A       69%         2
 Sublimation of Blood     Necr           0%         N/A       69%         2
 Dazzling Flash           Conj/Hex       0%         N/A       89%         3
 Frozen Ramparts          Ice            0%         1d1       89%         3
 Hailstorm                Conj/Ice       0%         3d5       89%         3
 Inner Flame              Hex/Fire       0%         N/A       89%         3
 Mephitic Cloud           Conj/Alch/Air  0%         N/A       89%         3
 Stone Arrow              Conj/Erth      0%         3d7       89%         3
 Summon Ice Beast         Ice/Summ       0%         N/A       89%         3
 Tukima's Dance           Hex            0%         N/A       89%         3
 Volatile Blastmotes      Fire/Tloc      0%         2d10      89%         3
 Anguish                  Hex/Necr       0%         N/A       100%        4
 Animate Dead             Necr           0%         N/A       100%        4
 Brom's Barrelling Bould  Conj/Erth      0%         2d3       100%        4
 Dimensional Bullseye     Hex/Tloc       0%         N/A       100%        4
 Dispel Undead            Necr           0%         3d6       100%        4
 Fulminant Prism          Conj/Alch      0%         3d5       100%        4
 Iskenderun's Mystic Bla  Conj/Tloc      0%         2d3       100%        4
 Leda's Liquefaction      Alch/Erth      0%         N/A       100%        4
 Martyr's Knell           Necr/Summ      0%         N/A       100%        4
 Olgreb's Toxic Radiance  Alch           0%         N/A       100%        4
 Petrify                  Alch/Erth      0%         N/A       100%        4
 Alistair's Intoxication  Alch           0%         N/A       100%        5
 Borgnjor's Vile Clutch   Necr/Erth      0%         N/A       100%        5
 Curse of Agony           Necr           0%         N/A       100%        5
 Fireball                 Conj/Fire      0%         3d3       100%        5
 Freezing Cloud           Conj/Ice/Air   0%         6-21      100%        5
 Iskenderun's Battlesphe  Conj           0%         2d6       100%        5
 Lee's Rapid Deconstruct  Erth           0%         3d4*      100%        5
 Metabolic Englaciation   Hex/Ice        0%         N/A       100%        5
 Silence                  Hex/Air        0%         N/A       100%        5
 Bombard                  Conj/Erth      0%         9d1       100%        6
 Conjure Ball Lightning   Conj/Air       0%         3x3d6     100%        6
 Death Channel            Necr           0%         N/A       100%        6
 Eringya's Noxious Bog    Alch           0%         4d6       100%        6
 Sculpt Simulacrum        Ice/Alch       0%         N/A       100%        6
 Starburst                Conj/Fire      0%         6d3       100%        6
 Haunt                    Necr/Summ      0%         N/A       100%        7
 Orb of Destruction       Conj           0%         9d5       100%        7
 Summon Hydra             Summ           0%         N/A       100%        7
 Infestation              Necr           0%         N/A       100%        8
 Maxwell's Capacitive Co  Air            0%         ∞         100%        8


Dungeon Overview and Level Annotations

Branches:
Dungeon (15/15)            Temple (1/1) D:6            Lair (5/5) D:10
 Shoals (0/4) Lair:3       Spider (2/4) Lair:3        Slime (0/5) Lair:4
    Orc (2/2) D:11         Vaults (0/5) D:13         Depths (0/4) D:15
Ossuary (visited)
    Elf: Orc:2

Altars:
Ashenzari
Cheibriados
Dithmenos
Elyvilon
Fedhas
Gozag
Hepliaklqana
Kikubaaqudgha
Makhleb
Nemelex Xobeh
Okawaru
Qazlal
Ru
Sif Muna
Trog
Uskayaw
Vehumet
Wu Jian
Xom
Yredelemnul
Zin
The Shining One
Jiyva

Shops:
D:6 (

Annotations:
D:7 1 runed translucent door, gohu's ghost, novice HOFi
Temple 2 transporters
Lair:4 exclusion: 2 oklob plants
Orc:1 1 runed translucent door, ggurman's ghost, journeyman MiFi


Innate Abilities, Weirdness & Mutations

You are too large for most types of armour.
You have claws for hands.
Your natural rate of healing is unusually fast.
You are covered in fur. (AC +1)
You have tough skin. (AC +1)


Message History

You block the jumping spider's attack.
You feel sick.
The jumping spider pounces on you but does no damage.
You block the jumping spider's attack. The jumping spider pounces on you.
The jumping spider misses you.
You feel sick.
The jumping spider leaps!
You block the jumping spider's attack. x2
The jumping spider misses you. You block the jumping spider's attack.
You feel sick.
The jumping spider rages.
You block the jumping spider's attack. x2
You feel sick. You block the jumping spider's attack.
The jumping spider closely misses you.
The jumping spider leaps!
You block the jumping spider's attack.
The jumping spider bites you but does no damage.
You feel better. You block the jumping spider's attack.
The jumping spider misses you. The jumping spider pounces on you!
You block the jumping spider's attack.
You eviscerate the jumping spider!!!
The jumping spider is almost dead.
You block the jumping spider's attack. The jumping spider bites you.
You block the jumping spider's attack. x2
You scratch the jumping spider.
The jumping spider is almost dead.
You block the jumping spider's attack. The jumping spider misses you.
The jumping spider pounces on you!
* * * LOW HITPOINT WARNING * * *
You are caught in a web!
The jumping spider bites you.
* * * LOW HITPOINT WARNING * * *
The jumping spider pounces on you!
* * * LOW HITPOINT WARNING * * *
The jumping spider bites you.
* * * LOW HITPOINT WARNING * * *
You feel much better.
You feel less exhausted. The jumping spider pounces on you!!
* * * LOW HITPOINT WARNING * * *
You are even more entangled.
The jumping spider bites you but does no damage.
The jumping spider pounces on you!
You die...

................# ####sy#...
...#...........# ##..^sss..#
....^.........^ ## #.....s...^
...##.#...#..### #.###..)>..†...
....^....##....# #.......§.!...
###...####.###.# #......ss.....
..#..^.###..##.### ##.†..........
...##.###..###.s.####..##........
.....###.### ###@##†...#...#....#
.....##.## #..#sss.s...........
......##.# #..#ss............##
........## ###..###..#...##..#
######### #### ######## ##


You could see a demonic crawler, 4 jumping spiders and 2 redbacks.

Vanquished Creatures
  Frances (D:14)
  2 emperor scorpions
  A ghost moth (Spider:1)
  Josephine (Lair:4)
  A yaktaur captain (D:13)
  3 entropy weavers (Spider:1)
  A rakshasa (D:15)
  4 hydras
  A catoblepas (Lair:5)
  4 boulder beetles
  4 centaur warriors
  A jorogumo (Spider:1)
  3 demonic crawlers (Spider:1)
  An orc high priest (Orc:1)
  3 tengu warriors
  6 death yaks (Lair:5)
  An occultist (D:15)
  3 two-headed ogres
  A skyshark (Lair:4)
  2 skeletal warriors (D:14)
  Lodul (D:13)
  5 pharaoh ants
  A swamp dragon (D:15)
  A deep troll (D:11)
  A sun moth (Spider:1)
  8 orb spiders (Spider:2)
  2 steelbarb worms (Spider:2)
  4 deep elf pyromancers
  A necromancer (D:15)
  2 orc sorcerers
  A cyclops (D:14)
  6 ugly things
  6 wolf spiders
  4 manticores
  4 meliai
  2 moths of wrath
  4 black mambas
  A merfolk siren (Lair:3)
  5 elephants
  Joseph (D:7)
  2 kobold blastminers
  A gargoyle (D:10)
  A torpor snail (Lair:3)
  3 centaur skeletons (D:15)
  Maggie (D:7)
  Jeremiah (D:7)
  A redback zombie (D:15)
  A kobold demonologist (D:12)
  3 rime drakes
  13 cane toads
  5 komodo dragons
  2 ice devils (D:11)
  4 trolls
  2 yaktaurs (D:13)
  2 tengu conjurers
  4 hornets
  A polar bear (shapeshifter) (D:9)
  18 blink frogs
  11 tarantellas
  3 polar bears
  8 jumping spiders
  A shadow (D:11)
  4 slime creatures (D:12)
  14 culicivoras
  6 wraiths
  5 wyverns
  2 vampires
  4 basilisks
  66 yaks
  Eustachio (D:4)
  9 vampire mosquitoes
  3 wargs (Orc:1)
  29 redbacks
  Menkaure (Ossuary)
  A steam dragon (D:10)
  An acid dragon (D:8)
  8 water moccasins
  6 ice beasts
  A sky beast (D:7)
  2 laughing skulls (D:14)
  16 orc warriors
  9 ogres
  4 black bears
  14 wolves
  13 centaurs
  3 phantoms
  7 bullfrogs
  7 kobold brigands
  2 scorpions
  10 wights
  A killer bee (D:9)
  2 electric eels (Lair:3)
  4 howler monkeys
  3 bombardier beetles
  A hound (D:5)
  12 orc priests
  A scorpion zombie (D:5)
  8 iguanas
  18 orc wizards
  3 hound zombies (D:5)
  3 mummies (Ossuary)
  8 gnolls
  10 adders
  2 shadow imps
  2 white imps
  2 ufetubi
  2 adder zombies (D:5)
  An adder skeleton (D:5)
  4 ribbon worms
  A dart slug (D:2)
  42 orcs
  4 ball pythons
  9 endoplasms
  5 giant cockroaches
  4 gnoll zombies (Ossuary)
  9 goblins
  5 hobgoblins
  8 jackals
  3 quokkas
  4 bats
  4 frilled lizards
  5 gnoll skeletons (Ossuary)
  4 goblin skeletons (Ossuary)
  5 goblin zombies (Ossuary)
  A hobgoblin skeleton (Ossuary)
  4 hobgoblin zombies (Ossuary)
  31 kobolds
  3 kobold skeletons (Ossuary)
  4 kobold zombies (Ossuary)
  5 orc skeletons (Ossuary)
  3 orc zombies (Ossuary)
  2 rats
  7 rat skeletons (Ossuary)
  5 rat zombies (Ossuary)
704 creatures vanquished.

Vanquished Creatures (others)
  A komodo dragon (D:11)
1 creature vanquished.

Grand Total: 705 creatures vanquished

Notes
Turn   | Place    | Note
-------+----------+-------------------------------------------
     0 | D:1      | Anothat the Troll Fighter began the quest for the Orb.
     0 | D:1      | Reached XP level 1. HP: 22/22 MP: 0/0
   288 | D:1      | Reached XP level 2. HP: 27/29 MP: 1/1
   461 | D:1      | Found a faded altar of an unknown god.
   968 | D:2      | Reached XP level 3. HP: 35/36 MP: 2/2
  1336 | D:2      | Reached skill level 3 in Unarmed Combat
  1672 | D:3      | Reached XP level 4. HP: 44/44 MP: 3/3
  2390 | D:4      | Noticed an ogre
  2400 | D:4      | Killed an ogre
  2401 | D:4      | Reached skill level 4 in Unarmed Combat
  2401 | D:4      | Reached XP level 5. HP: 45/53 MP: 4/4
  2493 | D:4      | Reached XP level 6. HP: 52/61 MP: 5/5
  2621 | D:4      | Noticed Eustachio
  2627 | D:4      | Killed Eustachio
  3103 | D:4      | Found a hide-covered altar of Uskayaw.
  3108 | D:4      | Reached skill level 5 in Unarmed Combat
  3108 | D:4      | Reached XP level 7. HP: 62/68 MP: 6/6
  3116 | D:4      | Found a broken altar of Ashenzari.
  3175 | D:5      | Entered Level 5 of the Dungeon
  3754 | D:5      | Found a sand-covered staircase.
  3760 | Ossuary  | Entered an ossuary
  4263 | Ossuary  | Noticed Menkaure
  4272 | Ossuary  | Killed Menkaure
  4340 | Ossuary  | Reached skill level 6 in Unarmed Combat
  4470 | D:5      | Reached XP level 8. HP: 78/78 MP: 7/7
  4613 | D:5      | Identified the +7 ring mail "Jemay" {rF+ Will+}
  5027 | D:6      | Found Deok's Weapon Shop.
  5027 | D:6      | Noticed a +0 quick blade
  5029 | D:6      | Noticed a +0 demon whip
  5227 | D:6      | Reached skill level 5 in Shields
  5270 | D:6      | Found a staircase to the Ecumenical Temple.
  5306 | Temple   | Found a transporter.
  5306 | Temple   | Found a transporter.
  5306 | Temple   | Found a transporter.
  5306 | Temple   | Found a transporter.
  5306 | Temple   | Entered the Ecumenical Temple
  5330 | Temple   | Became a worshipper of the Wu Jian Council
  5377 | D:6      | Found a stormy altar of Qazlal.
  5394 | D:6      | Reached skill level 7 in Unarmed Combat
  5740 | D:7      | Noticed Maggie
  5754 | D:7      | Killed Maggie
  5904 | D:7      | Found a runed translucent door.
  5920 | D:7      | Reached skill level 5 in Fighting
  5933 | D:7      | Reached skill level 5 in Dodging
  5941 | D:7      | Reached XP level 9. HP: 64/88 MP: 8/8
  6023 | D:7      | Noticed gohu's ghost (novice HOFi)
  6041 | D:7      | Reached skill level 8 in Unarmed Combat
  6087 | D:7      | Noticed Jeremiah
  6116 | D:7      | Killed Jeremiah
  6165 | D:7      | Noticed Joseph
  6384 | D:7      | HP: 4/88 [Joseph/+0 quarterstaff (18)]
  6391 | D:7      | Killed Joseph
  6722 | D:7      | Identified a scroll of acquirement
  6722 | D:7      | Acquired the +5 robe of Night {Dark Will+ SInv}
  6722 | D:7      | Found the +5 robe of Night {Dark Will+ SInv}
  6786 | D:8      | Reached skill level 9 in Unarmed Combat
  6798 | D:8      | Reached XP level 10. HP: 54/98 MP: 9/9
  6927 | D:8      | Reached * piety under Wu Jian
  7283 | D:8      | Reached skill level 10 in Unarmed Combat
  7956 | D:9      | Reached ** piety under Wu Jian
  7969 | D:9      | Identified the +2 kite shield "Joytton" {Int+3}
  8226 | D:9      | Noticed a two-headed ogre
  8228 | D:9      | Paralysed by a hornet for 3 turns
  8239 | D:9      | Killed a two-headed ogre
  8240 | D:9      | Reached skill level 11 in Unarmed Combat
  8240 | D:9      | Reached XP level 11. HP: 63/107 MP: 10/10
  8305 | D:9      | Noticed a harpy
  8305 | D:9      | Noticed a two-headed ogre
  8306 | D:9      | a harpy changed into a cane toad
  8306 | D:9      | Noticed a boulder beetle
  8697 | D:9      | Killed a boulder beetle
  8736 | D:9      | Killed a two-headed ogre
  8854 | D:10     | Entered Level 10 of the Dungeon
  8983 | D:10     | Reached skill level 12 in Unarmed Combat
  8985 | D:10     | Reached *** piety under Wu Jian
  9174 | D:10     | Found a staircase to the Lair.
  9627 | Lair:1   | Entered Level 1 of the Lair of Beasts
  9874 | Lair:1   | Reached XP level 12. HP: 105/119 MP: 11/11
 10693 | Lair:2   | Reached skill level 13 in Unarmed Combat
 10946 | Lair:2   | Noticed a four-headed hydra
 10954 | Lair:2   | Killed a four-headed hydra
 11057 | Lair:2   | Found the macabre finger necklace {Finger+ rN+}
 11792 | Lair:3   | Reached **** piety under Wu Jian
 11964 | Lair:3   | Reached skill level 14 in Unarmed Combat
 12181 | Lair:3   | Reached XP level 13. HP: 130/130 MP: 12/12
 12259 | Lair:3   | Found a hole to the Spider Nest.
 12338 | Lair:3   | Reached ***** piety under Wu Jian
 12503 | Lair:3   | You fall into a shaft and drop 2 floors!
 12503 | Lair:5   | Entered Level 5 of the Lair of Beasts
 12546 | Lair:5   | Reached skill level 10 in Shields
 12893 | Lair:5   | Reached skill level 15 in Unarmed Combat
 13124 | Lair:3   | Found a staircase to the Shoals.
 13714 | Lair:4   | Noticed Josephine
 13719 | Lair:4   | Killed Josephine
 14211 | Lair:4   | Found a viscous altar of Jiyva.
 14211 | Lair:4   | Found a staircase to the Slime Pits.
 14605 | Lair:5   | Reached XP level 14. HP: 96/141 MP: 13/13
 15455 | D:11     | Found a staircase to the Orcish Mines.
 15480 | D:11     | Got Miffao's Spellbook of the Unfortunate Cwm
 15515 | D:11     | Reached skill level 10 in Fighting
 15602 | D:11     | Found a snail-covered altar of Cheibriados.
 15802 | D:12     | Reached skill level 16 in Unarmed Combat
 16426 | Orc:1    | Entered Level 1 of the Orcish Mines
 16592 | Orc:1    | Found a runed translucent door.
 16592 | Orc:1    | Noticed ggurman's ghost (journeyman MiFi)
 17009 | Orc:2    | Entered Level 2 of the Orcish Mines
 17054 | Orc:2    | Reached ****** piety under Wu Jian
 17264 | Orc:1    | HP: 4/143 [orc warrior/+0 war axe (13)]
 17445 | D:13     | Noticed Lodul
 17468 | D:13     | Killed Lodul
 17566 | D:13     | Found a gate to the Vaults.
 17860 | D:13     | Found a glowing golden altar of the Shining One.
 18360 | D:14     | Reached skill level 17 in Unarmed Combat
 18451 | D:14     | Found a sacrificial altar of Ru.
 18549 | D:14     | Noticed Frances
 18556 | D:14     | Killed Frances
 19539 | D:15     | Entered Level 15 of the Dungeon
 19591 | D:15     | Identified the +4 falchion of Qosimp Faso {spect, Str+7}
 20185 | D:15     | Reached XP level 15. HP: 143/152 MP: 14/14
 20228 | D:15     | Found a staircase to the Depths.
 20893 | Spider:1 | Entered Level 1 of the Spider Nest
 21418 | Spider:1 | Reached skill level 18 in Unarmed Combat
 21847 | Spider:1 | Noticed an emperor scorpion
 21866 | Spider:1 | Killed an emperor scorpion
 22277 | Spider:2 | Noticed an emperor scorpion
 22283 | Spider:2 | Killed an emperor scorpion
 23058 | Spider:2 | Slain by a jumping spider

Illustrated notes

Levels and vault maps discovered:
D:1:      minmay_arrival_jagged, layout_basic,
          shapermc_ecumenical_altar_totnotflames, minivault_25
D:2:      layout_loops_ring
D:3:      layout_basic, minmay_unequal
D:4:      layout_basic, minitemple, nicolae_half_adder, uniq_eustachio
D:5:      layout_basic, mainiacjoe_ossuary_entry_find_the_door,
          nicolae_concentric_dashed_squares_wild
D:6:      layout_loops_ring, overflow_temple_1_default,
          minmay_temple_entry_wispy, serial_shops, nicolae_shop_mannequins,
          corexii_item_surrounded_by_moat, amethyst_killhole
D:7:      layout_cave_pools, gammafunk_ghost_grave, serial_park_tiny_pond,
          uniq_jeremiah, uniq_maggie, uniq_joseph
D:8:      minmay_razor_zed, layout_basic
D:9:      minmay_chambers_of_sevens, layout_basic
D:10:     layout_loops_ring, david_lair_generic, minivault_25_ag
D:11:     dreamdust_cave_troll, layout_cross, orc_0_dummy,
          portal_ice_cave_demonic_guard, slow_altar_1
D:12:     layout_roguey
D:13:     layout_roguey, david_vaults_2, nicolae_tso_swordbearing_angel,
          uniq_lodul
D:14:     minmay_isolated_rectangles_in_corner, layout_stronghold,
          nicolae_ru_sacrificial_ziggurat, uniq_frances
D:15:     grunt_enter_depths_magical_seal, layout_irregular_city,
          columned_hall_lemuel
Temple:   hellmonk_temple_divided_pantheon
Lair:1:   layout_chaotic_city
Lair:2:   layout_hall_layers, lemuel_fruit_fields
Lair:3:   layout_regular_city, minmay_shoals_entry_lonely_mermaid,
          nicolae_spider_entry_lesser_pyramids, pdpol_lair_cavern_descent
Lair:4:   layout_misc_corridors, minmay_slime_entry_oklob_open, uniq_josephine
Lair:5:   grunt_lair_end_beastmaster, layout_regular_city,
          dreamdust_mushroom_princess
Spider:1: layout_spider_delve, nicolae_spider_nooks_and_crannies
Spider:2: cheibrodos_forgotten_conduit, nicolae_orb_stairs
Orc:1:    layout_caves, basic_altar, gammafunk_ghost_grave,
          kennysheep_orc_chapel
Orc:2:    grunt_orc_cross, layout_caves, basic_altar, gauntlet_entry_generic

Skill      XL: |  1  2  3  4  5  6  7  8  9 10 11 12 13 14 15 |
---------------+----------------------------------------------+-----
Shields        | 3 4 5 6 7 8 9 10 11 12 | 12.8
Unarmed Combat | 3 4 5 6 7 9 11 12 14 15 17 18 | 18.8
Fighting       | 3 4 5 6 7 8 9 10 11 | 11.8
Dodging        | 3 4 5 6 7 8 9 |  9.9

Action                     |  1- 3 |  4- 6 |  7- 9 | 10-12 | 13-15 || total
---------------------------+-------+-------+-------+-------+-------++-------
  Melee: Unarmed           |    95 |    83 |   293 |   573 |   994 ||  2038
  Throw: Javelin           |       |     7 |    17 |     6 |    13 ||    43
 Invoke: Serpent's Lash    |       |       |       |       |     8 ||     8
Ability: Lunge             |       |       |    12 |    22 |    53 ||    87
         Whirlwind         |       |       |       |    24 |   110 ||   134
         Wall Jump         |       |       |       |       |     1 ||     1
  Evoke: Wand              |       |       |       |    12 |    20 ||    32
         Condenser vane    |       |       |       |       |     2 ||     2
    Use: Scroll            |       |       |    18 |     8 |    12 ||    38
         Potion            |       |       |     6 |     2 |    11 ||    19
   Stab: Sleeping          |     1 |       |       |       |     4 ||     5
         Invisible         |       |       |       |     3 |    12 ||    15
 Armour: Robe              |    50 |    54 |   104 |   254 |   464 ||   926
         Steam dragon scal |       |       |    30 |       |       ||    30
  Dodge: Dodged            |    32 |    28 |    69 |   151 |   345 ||   625
  Block: Kite shield       |    33 |    26 |   116 |   292 |   777 ||  1244
         Reflection        |       |       |       |       |    26 ||    26
